 Dungeon Crawl Stone Soup version 0.18.1-48-g4cf74bf (webtiles) character file.

347 Mechanique the Conjurer (level 6, -1/41 HPs)
             Began as a Mummy Wizard on Aug 30, 2016.
             Was a Follower of Vehumet.
             Shot with an arrow by a centaur (10 damage)
             ... on level 5 of the Dungeon.
             The game lasted 00:21:51 (5981 turns).

Mechanique the Conjurer (Mummy Wizard)              Turns: 5981, Time: 00:21:51

Health: -1/41      AC:  5    Str: 10    XL:     6   Next: 33%
Magic:  2/10       EV: 12    Int: 19    God:    Vehumet [*.....]
Gold:   322        SH:  0    Dex: 11    Spells: 4 memorised, 3 levels left

rFire  x . .     SeeInvis .     s - +1 whip (freeze)
rCold  + . .     Gourm    .     a - +0 robe
rNeg   + + +     Faith    .     (no shield)
rPois  ∞         Spirit   .     b - +0 hat
rElec  .         Dismiss  .     p - +0 cloak
rCorr  .         Reflect  .     t - +1 pair of gloves
SustAt .         Harm     .     (no boots)
MR     .....                    (no amulet)
Stlth  ++........               (no ring)
                                k - ring of positive energy

@: repel missiles, not resistant to hostile enchantments, unstealthy
A: no food or potions, fire vulnerability, cold resistance 1, negative energy
resistance 3, torment resistance, unbreathing
a: Renounce Religion


You were on level 5 of the Dungeon.
You worshipped Vehumet.
Vehumet was aware of your devotion.
You were not hungry.

You visited 1 branch of the dungeon, and saw 5 of its levels.

You collected 322 gold pieces.

Inventory:

Hand Weapons
 s - a +1 whip of freezing (weapon)
Armour
 a - a +0 robe (worn)
 b - a +0 hat (worn)
 p - a +0 cloak (worn)
 t - a +1 pair of gloves (worn)
Jewellery
 k - a ring of positive energy (left hand)
Wands
 j - a wand of iceblast (15/15)
Scrolls
 d - a scroll of teleportation
 e - 2 scrolls of remove curse
 f - 3 scrolls of identify
 g - 2 scrolls of amnesia
 i - a scroll of blinking
 q - a scroll of magic mapping
 r - a scroll of immolation
Books
 c - a book of Minor Magic

   Spells                             Type                      Level
   a - Magic Dart                     Conjuration                  1
   b - Blink                          Translocation                2
   c - Call Imp                       Summoning                    2
   d - Repel Missiles                 Charms/Air                   2
   e - Slow                           Hexes                        2
   f - Conjure Flame                  Conjuration/Fire             3
   g - Mephitic Cloud                 Conjuration/Poison/Air       3


   Skills:
 - Level 1.5 Dodging
 - Level 1.5 Stealth
 - Level 3.0 Spellcasting
 - Level 4.8 Conjurations
 - Level 0.7 Summonings
   Level 0.7 Translocations
 + Level 1.2 Air Magic
 + Level 1.4 Poison Magic


You had 3 spell levels left.
You knew the following spells:

 Your Spells              Type           Power        Failure   Level  Hunger
a - Magic Dart            Conj           ###.         1%          1    N/A
b - Call Imp              Summ           #.......     21%         2    N/A
c - Mephitic Cloud        Conj/Pois/Air  ##......     17%         3    N/A
d - Repel Missiles        Chrm/Air       #.....       21%         2    N/A

Dungeon Overview and Level Annotations

Branches:
Dungeon (5/15)
 Temple: D:4-7

Altars:
Qazlal
Vehumet
The Shining One

Shops:
D:5 %


Innate Abilities, Weirdness & Mutations

You do not eat or drink.
Your flesh is vulnerable to fire.
You are immune to poison.
Your flesh is cold resistant.
You are immune to negative energy.
You are immune to unholy pain and torment.
You can survive without breathing.


Message History

The centaur is heavily wounded.
The centaur shoots an arrow.
The arrow barely misses you.
Casting: Magic Dart
Confirm with . or Enter, or press ? or * to list all spells.
Aiming: Magic Dart
Press: ? - help, Shift-Dir - straight line, f/p - centaur
Aim: a centaur, wielding a shortbow (heavily wounded)
The magic dart hits the centaur.
The centaur is heavily wounded.
The centaur shoots an arrow.
The arrow hits you!
* * * LOW HITPOINT WARNING * * *
Casting: Magic Dart
Confirm with . or Enter, or press ? or * to list all spells.
Aiming: Magic Dart
Press: ? - help, Shift-Dir - straight line, f/p - centaur
Aim: a centaur, wielding a shortbow (heavily wounded)
The magic dart hits the centaur.
The centaur is almost dead.
The centaur shoots an arrow.
The arrow hits you!
You die...

#..## #.#
#..†#######.#
#..........#
##.........#
#.......##.#
#..#...##
#..##..#
#..##..#
#..##.@# #..
#..# #..#
.... .c....
.......#
........#
.........#


You could see a centaur.

Vanquished Creatures
  A scorpion (D:5)
  An orc priest (D:3)
  A hound (D:4)
  An orc wizard (D:4)
  Ijyb (D:2)
  3 adders
  4 worms
  4 dart slugs
  6 giant geckos
  7 orcs
  A ball python (D:3)
  7 bats
  4 giant cockroaches
  10 goblins
  6 hobgoblins
  4 jackals
  A quokka (D:2)
  4 giant newts
  7 kobolds
  6 rats
79 creatures vanquished.

Vanquished Creatures (collateral kills)
  A scorpion (D:3)
  An orc wizard (D:3)
  Terence (D:2)
  3 orcs
  A goblin (D:3)
  A hobgoblin (D:3)
  A kobold (D:3)
  A rat (D:2)
10 creatures vanquished.

Vanquished Creatures (others)
  An orc wizard (D:4)
1 creature vanquished.

Grand Total: 90 creatures vanquished

Notes
Turn   | Place    | Note
--------------------------------------------------------------
     0 | D:1      | Mechanique the Mummy Wizard began the quest for the Orb.
     0 | D:1      | Reached XP level 1. HP: 13/13 MP: 4/4
    17 | D:1      | Reached skill level 1 in Conjurations
   348 | D:1      | Reached XP level 2. HP: 17/19 MP: 0/6
   408 | D:1      | Learned a level 2 spell: Call Imp
   648 | D:1      | Reached skill level 2 in Conjurations
  1363 | D:1      | You fall through a shaft!
  1430 | D:2      | Reached XP level 3. HP: 24/24 MP: 4/7
  1513 | D:2      | Found a radiant altar of Vehumet.
  1513 | D:2      | Found a stormy altar of Qazlal.
  1517 | D:2      | Became a worshipper of Vehumet
  1531 | D:2      | Noticed Ijyb
  1566 | D:2      | Killed Ijyb
  1830 | D:2      | Reached skill level 3 in Conjurations
  2294 | D:2      | Reached XP level 4. HP: 30/30 MP: 3/8
  2299 | D:2      | Learned a level 3 spell: Mephitic Cloud
  2492 | D:2      | Noticed Terence
  2503 | D:2      | Killed Terence
  2827 | D:3      | Found a glowing golden altar of the Shining One.
  3131 | D:3      | Reached * piety under Vehumet
  3131 | D:3      | Offered knowledge of Sandblast by Vehumet.
  3667 | D:3      | Reached skill level 4 in Conjurations
  3667 | D:3      | Reached XP level 5. HP: 12/35 MP: 5/9
  5500 | D:4      | Reached skill level 1 in Poison Magic
  5500 | D:4      | Reached XP level 6. HP: 41/41 MP: 4/10
  5882 | D:5      | Entered Level 5 of the Dungeon
  5888 | D:5      | Found Agarph's Food Shoppe.
  5909 | D:5      | Reached skill level 1 in Air Magic
  5972 | D:5      | Learned a level 2 spell: Repel Missiles
  5981 | D:5      | Shot with an arrow by a centaur

Skill      XL: |  1  2  3  4  5  6 |
---------------+-------------------+-----
Conjurations   | 1 2 3 4 |  4.8
Poison Magic   | 1 |  1.4
Air Magic      | 1 |  1.2
Dodging        | |  1.5
Stealth        | |  1.5
Spellcasting   | |  3.0
Summonings     | |  0.7
Translocations | |  0.7

Action                   |  1- 3 |  4- 6 || total
-------------------------+-------+-------++-------
Melee: Unarmed           |     8 |       ||     8
       Hand axe          |    29 |       ||    29
       Dagger            |    16 |    16 ||    32
       Whip              |       |    31 ||    31
 Cast: Magic Dart        |    83 |   101 ||   184
       Call Imp          |     5 |    16 ||    21
       Repel Missiles    |       |     1 ||     1
  Use: Scroll            |       |    11 ||    11
Armor: Robe              |    10 |    19 ||    29
Dodge: Dodged            |    38 |    38 ||    76
       Deflected         |       |     1 ||     1
